[Event "Late-Titled-Tuesday-Blitz-October-10-2023"]
[Site "Chess.com"]
[Date "2023.10.10"]
[Round "4"]
[White "SaqoChess_Twitch"]
[Black "MikeSailer"]
[Result "1-0"]
[WhiteElo "2625"]
[BlackElo "2182"]
[TimeControl "180+1"]
[EndTime "14:37:37 PDT"]
[Termination "SaqoChess_Twitch won by checkmate"]

1. d4 d5 2. c4 c6 3. Nc3 Nf6 4. e3 a6 5. Nf3 Bg4 6. Qc2 Bxf3 7. gxf3 g6 8. f4 e6 9. b3 Bg7 10. Bb2 Nbd7 11. Bd3 b5 12. c5 a5 13. Ne2 Ng4 14.
h3 Qh4 15. hxg4 Qxh1+ 16. Kd2 Qf3 17. Rf1 Qxg4 18. Kc1 a4 19. b4 h5 20. Ng3 h4 21.
Be2 Qh3 22. Rh1 Qg2 23. Bf1 Qf3 24. Be2 Qxf2 25. Nf1 h3 26. Rh2 Qg1 27. Bc3 Nf6 28. Be1 Ng4 29. Bxg4 Qxg4 30. a3 Bf6 31. Qd1 Qxd1+ 32.
Kxd1 Ke7 33. Ke2 Bh4 34. Bd2 Bf6 35. Kf3 Rag8 36. Be1 g5 37. Bg3 gxf4 38. Bxf4 Rg1 39. Ng3 Ra1 40. Bd6+ Kd7 41. e4 dxe4+ 42. Nxe4 Bxd4 43.
Kg4 Rg1+ 44. Kf3 Rg2 45. Rh1 Ra2 46. Rf1 Rxa3+ 47. Kg4 h2 48. Rxf7+ Kd8 49. Bc7+ Kc8 50. Nd6# 1-0

[Event "Late-Titled-Tuesday-Blitz-October-10-2023"]
[Site "Chess.com"]
[Date "2023.10.10"]
[Round "4"]
[White "SchachmattTV_Tobi"]
[Black "IPAchess"]
[Result "1-0"]
[WhiteElo "2553"]
[BlackElo "2372"]
[TimeControl "180+1"]
[EndTime "14:37:37 PDT"]
[Termination "SchachmattTV_Tobi won by resignation"]

1. d4 d5 2. c4 e6 3. Nc3 Nf6 4. Nf3 Bb4 5. cxd5 exd5 6. Bg5 O-O 7. e3 Bf5 8. Be2 Nbd7 9. O-O c6 10. Rc1 Be7 11.
a3 a5 12. Na4 Ne4 13. Bxe7 Qxe7 14. Nd2 Nd6 15. Nc5 Nf6 16. Bd3 Bxd3 17. Nxd3 Rfe8 18.
Re1 Qe6 19. h3 Re7 20. Qc2 Rae8 21. b4 axb4 22. axb4 Qf5 23. Nc5 Qg5 24. Ra1 h5 25.
Nf3 Qh6 26. Ra7 h4 27. Rea1 Nfe4 28. Ra8 Nxc5 29. Rxe8+ Rxe8 30. bxc5 Ne4 31. Ra7 Re7 32. Qb2 Qf6 33. Rxb7 g5 34. Rxe7 Qxe7 35. Ne5 Qc7 36. Qb6 Qe7 37. Qxc6 g4 38. Qxd5 Nf6 39. Qa8+ Kg7 40. hxg4 Qe6 41. Qf3 Qb3 42. g5 Nh7 43. Qxf7+ Qxf7 44. Nxf7 Kxf7 45. c6 Ke6 46. g6 Nf6 47. e4 Nxe4 48. g7 Nf6 49. d5+ Kd6 50. Kh2 Kc7 51. Kh3 Kd6 52. Kxh4 Kc7 53. Kg5 Ng8 54. Kg6 Kd6 55. g4 Ne7+ 56. Kf7 1-0

[Event "Late-Titled-Tuesday-Blitz-October-10-2023"]
[Site "Chess.com"]
[Date "2023.10.10"]
[Round "4"]
[White "K_alena13"]
[Black "Eloist"]
[Result "0-1"]
[WhiteElo "2154"]
[BlackElo "2440"]
[TimeControl "180+1"]
[EndTime "14:37:37 PDT"]
[Termination "Eloist won by resignation"]

1. Nf3 Nf6 2. c4 b6 3. Nc3 Bb7 4. g3 e6 5. Bg2 Be7 6. O-O O-O 7. d4 Ne4 8. Bd2 f5 9. Qc2 Nxc3 10. Bxc3 Be4 11.
Qd2 d6 12. b4 Bf6 13. Rfd1 Nd7 14. c5 Qe8 15. Rac1 Qh5 16. Ne1 Bg5 17. e3 Bxg2 18.
Nxg2 Nf6 19. h4 Ne4 20. Qe1 Bh6 21. Nf4 Bxf4 22. exf4 d5 23. cxb6 axb6 24. Rc2 Ra3 25. Bd2 Rfa8 26. Be3 Rxa2 27. Rxc7 Nd6 28. Rcc1 Nc4 29.
Qf1 Rb2 30. Rb1 Raa2 31. Rxb2 Rxb2 32. Re1 Qf3 33. Qg2 Qxg2+ 34. Kxg2 Rxb4 35. Rc1 Kf7 36. Kf3 b5 37. Ra1 Ra4 38. Rb1 b4 39. Ke2 Ra2+ 40.
Kd3 Ra3+ 41. Kc2 Nxe3+ 42. fxe3 Rxe3 43. Rxb4 Rxg3 44. Rb7+ Kf6 45. Kd2 Rg4 46. Ke3 Rxh4 47. Rb8 Rh3+ 48. Kf2 Rd3 49. Rb4 h6 50. Ke2 Ra3 51. Rb8 g5 52. Rf8+ Kg7 53. Re8 Kf7 54. Rh8 Ra2+ 55. Kf3 g4+ 56. Kg3 Kg6 57. Re8 Ra3+ 58.
Kf2 Kf7 59. Rh8 Rf3+ 60. Ke2 Rxf4 61. Rxh6 Re4+ 62. Kd3 g3 63. Rh1 f4 64. Rg1 Kf6 65.
Rg2 Kf5 66. Kc3 Kg4 67. Kd3 f3 0-1

[Event "Late-Titled-Tuesday-Blitz-October-10-2023"]
[Site "Chess.com"]
[Date "2023.10.10"]
[Round "4"]
[White "Polish_fighter3000"]
[Black "rezamahdavi2008"]
[Result "1-0"]
[WhiteElo "3059"]
[BlackElo "2868"]
[TimeControl "180+1"]
[EndTime "14:37:38 PDT"]
[Termination "Polish_fighter3000 won by resignation"]

1. d4 Nf6 2. Nc3 d5 3. Bf4 e6 4.
Nb5 Na6 5. e3 c6 6. Nc3 Be7 7.
Bxa6 bxa6 8. Na4 Nd7 9. Nf3 a5 10. O-O Ba6 11. Re1 O-O 12. b3 c5 13. c3 Rc8 14.
Qb1 Re8 15. Qb2 Nb6 16. Nxc5 Bxc5 17. dxc5 Rxc5 18. Qa3 Nd7 19. Ne5 Rxc3 20. Rac1 Rxc1 21. Rxc1 Nxe5 22. Bxe5 Bd3 23. Qc5 h6 24. Qc3 Be4 25. f3 Bh7 26. Bxg7 Qg5 27. Bf6 Qf5 28.
Be5 a4 29. bxa4 Qd3 30. Qxd3 Bxd3 31. Rc7 a6 32. a5 Rb8 33. Kf2 Rb5 34. Rc8+ Kh7 35. g4 f5 36. Rc7+ Kg8 37. h4 fxg4 38. fxg4 Rb4 39. Kg3 Be2 40. Bf4 h5 41. gxh5 Bxh5 42.
Kf2 Ra4 43. Be5 Rxa2+ 44. Kg3 Ra4 45. Bd4 Bf7 46. Kf4 Ra2 47. Ke5 Rxa5 48. Kf6 Bh5 49. Kxe6 Bg4+ 50. Kf6 Ra2 51. Rg7+ Kf8 52. Rxg4 1-0

[Event "Late-Titled-Tuesday-Blitz-October-10-2023"]
[Site "Chess.com"]
[Date "2023.10.10"]
[Round "4"]
[White "Xqswdc"]
[Black "arminmusovic"]
[Result "0-1"]
[WhiteElo "2328"]
[BlackElo "2509"]
[TimeControl "180+1"]
[EndTime "14:37:40 PDT"]
[Termination "arminmusovic won by checkmate"]

1. e4 c6 2. Nc3 d5 3. Nf3 dxe4 4. Nxe4 Nf6 5. Qe2 Nxe4 6. Qxe4 Qd5 7. Qh4 Qe6+ 8. Be2 Qg4 9. Qg3 Qxg3 10. hxg3 g6 11. d4 h5 12. Bf4 Bg7 13. O-O-O Bg4 14. Bc4 Nd7 15. Rhe1 Nb6 16. Bb3 a5 17. a4 Nd5 18.
Bd6 e6 19. Kb1 O-O-O 20. Be5 f6 21. Bf4 Rhe8 22. Bd2 b6 23. c3 Kd7 24. Bc1 Re7 25. Bc2 g5 26. Rh1 Rh8 27. Rde1 Bf5 28. Nd2 Bxc2+ 29. Kxc2 f5 30. Nc4 Bf6 31. b3 Reh7 32.
f3 h4 33. g4 fxg4 34. fxg4 h3 35. gxh3 Rxh3 36. Rxh3 Rxh3 37. Bd2 Rg3 38. Rf1 Rxg4 39. Nxb6+ Ke7 40. Nc4 Rg2 41. Nxa5 Ne3+ 42. Kd3 Nxf1 43. Nxc6+ Kd6 44. Nb4 Rxd2+ 45. Kc4 Ne3+ 46. Kb5 g4 47. c4 Bxd4 48. c5+ Bxc5 49. Na6 Bd4 50. b4 g3 51. a5 g2 52. Nb8 g1=Q 53. Nc6 Bf6 54. Kb6 Nd5+ 55. Kb7 Rc2 56. b5 Rxc6 57. bxc6 Qb1+ 58.
Ka6 Nc7+ 59. Ka7 Bd4# 0-1

[Event "Late-Titled-Tuesday-Blitz-October-10-2023"]
[Site "Chess.com"]
[Date "2023.10.10"]
[Round "4"]
[White "Cambek64"]
[Black "keepitcoming"]
[Result "0-1"]
[WhiteElo "2398"]
[BlackElo "2211"]
[TimeControl "180+1"]
[EndTime "14:37:40 PDT"]
[Termination "keepitcoming won on time"]

1. d4 d5 2. c4 e6 3. Nc3 c5 4. cxd5 cxd4 5. Qa4+ Bd7 6. Qxd4 exd5 7. Qxd5 Nc6 8. Qd1 Nf6 9. e3 Bc5 10. Nf3 Qe7 11. a3 O-O-O 12. Qc2 g6 13. b4 Bf5 14.
Qa4 Bd4 15. Bd2 Ne4 16. Nxe4 Bxa1 17. Nc5 Kb8 18. Bb5 Ne5 19. e4 Nxf3+ 20. gxf3 Bc8 21.
Be3 Bd4 22. Ke2 Bxe3 23. Kxe3 Qd6 24. Qc2 g5 25. Bc4 Qf4+ 26. Ke2 g4 27. Rg1 Qxf3+ 28. Ke1 Rhe8 29. Rg3 Qf4 30. Kf1 b6 31. Bd5 bxc5 32.
Qxc5 Bd7 33. Qc4 Qc7 34. Qd4 Qb6 35. Qg7 Be6 36. Rd3 Bxd5 37. exd5 Re7 38. Kg2 Red7 39. Qg5 Qd6 40. Qxg4 f6 41. Qc4 Qe5 42. Qb5+ Ka8 43. Qc6+ Kb8 44. d6 Rxd6 45. Rxd6 Qxd6 46. Qa4 Qb6 47. Kg3 Rg8+ 48. Kf3 Qb7+ 49. Kf4 Qc7+ 50. Kf3 Rg5 51. Qe8+ Kb7 0-1

[Event "Late-Titled-Tuesday-Blitz-October-10-2023"]
[Site "Chess.com"]
[Date "2023.10.10"]
[Round "4"]
[White "protectiago"]
[Black "IngOscarArdila"]
[Result "0-1"]
[WhiteElo "2077"]
[BlackElo "2317"]
[TimeControl "180+1"]
[EndTime "14:37:46 PDT"]
[Termination "IngOscarArdila won on time"]

1. d4 Nf6 2. c4 g6 3. Nc3 Bg7 4.
e4 d6 5. Nf3 O-O 6. Be2 Nc6 7.
Be3 e5 8. d5 Ne7 9. Nd2 Ne8 10.
b4 f5 11. f3 f4 12. Bf2 g5 13. Nb3 c6 14. c5 cxd5 15. Nxd5 Be6 16. Nxe7+ Qxe7 17. cxd6 Nxd6 18. Rc1 Rad8 19. Qc2 Rc8 20. Qb2 Rxc1+ 21.
Qxc1 Rc8 22. Qd2 Nc4 23. Bxc4 Bxc4 24. Bc5 Qe6 25. Bxa7 Bf8 26. Nc5 Bxc5 27. Bxc5 Bxa2 28. O-O b6 29. Bf2 g4 30. fxg4 Bc4 31. Rc1 b5 32. h3 h5 33. gxh5 Kh7 34. Ra1 Rc7 35. Ra8 Rg7 36.
Qd8 Kh6 37. Qc8 Qxc8 38. Rxc8 Kxh5 39. Kh2 Bf1 40. Rc5 Rxg2+ 41. Kh1 Rxf2 42. Rxe5+ Kh4 43. Kg1 Rb2 44. Kxf1 Rxb4 45. Rf5 Kg3 46. e5 Kf3 47. Ke1 Re4+ 48. Kd2 b4 49. h4 b3 50. h5 Re2+ 51. Kc1 Ke4 52. Rf8 Rc2+ 53. Kb1 Kxe5 54. h6 Rh2 55. h7 Rxh7 56. Kb2 Rh3 57. Re8+ Kf5 58. Rf8+ Ke4 59. Re8+ Kf3 60. Kxb3 Rh7 61. Kc2 Rd7 0-1

[Event "Late-Titled-Tuesday-Blitz-October-10-2023"]
[Site "Chess.com"]
[Date "2023.10.10"]
[Round "4"]
[White "FairChess_on_YouTube"]
[Black "tptagain"]
[Result "1-0"]
[WhiteElo "3096"]
[BlackElo "2875"]
[TimeControl "180+1"]
[EndTime "14:37:49 PDT"]
[Termination "FairChess_on_YouTube won by resignation"]

1. c4 e5 2. Nc3 Nc6 3. e3 Bb4 4.
Nd5 a5 5. a3 Bd6 6. Qg4 Bf8 7.
Bd3 Nf6 8. Qf3 Be7 9. Ne2 O-O 10. Ng3 d6 11. b3 Nxd5 12. cxd5 Nb8 13. Bb2 Na6 14. Bc2 Bd7 15. O-O c5 16. d4 cxd4 17.
exd4 Rc8 18. Qd3 g6 19. dxe5 dxe5 20. Bxe5 Bf6 21. Rae1 Nc5 22. Qd4 Bxe5 23. Rxe5 Qf6 24. f4 Qb6 25. Ne4 Na4 26. Qxb6 Nxb6 27. Bd3 Kg7 28.
Kf2 Rfd8 29. Rd1 Bf5 30. d6 Rc6 31. Rxa5 Re8 32. Re5 Rd8 33. a4 Nc8 34. Bc4 Nb6 35. Bb5 Bxe4 36. Rxe4 Rcxd6 37. Rxd6 Rxd6 38. Re7 Nd5 39.
Rxb7 Nxf4 40. Bc4 Kf6 41. Rxf7+ Ke5 42. Rxh7 g5 43. g3 Ng6 44. Ke3 Rb6 45. a5 Rb8 46. a6 Ra8 47. a7 Kf6 48. Rf7+ Ke5 49. Rg7 Kf6 50. Rh7 Ke5 51. Rh5 Kf6 52. Bd3 Ne5 53. Rh7 Ke6 54. Be4 1-0

[Event "Late-Titled-Tuesday-Blitz-October-10-2023"]
[Site "Chess.com"]
[Date "2023.10.10"]
[Round "4"]
[White "h4parah5"]
[Black "BigAl"]
[Result "1-0"]
[WhiteElo "2928"]
[BlackElo "2592"]
[TimeControl "180+1"]
[EndTime "14:37:49 PDT"]
[Termination "h4parah5 won by resignation"]

1. d4 Nf6 2. Nf3 g6 3. Bf4 Bg7 4. e3 O-O 5. h3 d6 6. Be2 c5 7. c3 Be6 8. Nbd2 Qb6 9. Qc1 Nc6 10. O-O cxd4 11. exd4 Rac8 12. Re1 Nd5 13. Nc4 Qd8 14. Bh6 b5 15. Bxg7 Kxg7 16. Ne3 Qb6 17. Ng5 Nxe3 18. Nxe6+ fxe6 19. Qxe3 Rf6 20. Bg4 Rcf8 21. Bxe6 Rxf2 22. Rf1 Rxf1+ 23. Rxf1 Rxf1+ 24. Kxf1 Qd8 25. Qf3 Qe8 26. Kg1 a6 27. b4 Nd8 28.
Qa8 Qf8 29. Bd5 e6 30. Bf3 h5 31. Qxa6 Qf4 32. Qxb5 Qe3+ 33. Kf1 Qc1+ 34. Kf2 Qxc3 35. Qd7+ Nf7 36. Qxe6 Qxb4 37. Qd5 Qd2+ 38. Kg3 h4+ 39. Kh2 Qf4+ 40. Kg1 Qc1+ 41. Kf2 Qd2+ 42. Be2 Qf4+ 43.
Ke1 Qc1+ 44. Bd1 Qe3+ 45. Kf1 Qf4+ 46. Ke2 Qc1 47. Bb3 Ng5 48. Qxd6 Qb2+ 49. Kd3 Qb1+ 50. Kc4 Ne4 51. Qe7+ Kh8 52. Kb4 Qd3 53. Qf8+ Kh7 54. Bg8+ Kh8 55. Bf7+ Kh7 56. Qg8+ 1-0

[Event "Late-Titled-Tuesday-Blitz-October-10-2023"]
[Site "Chess.com"]
[Date "2023.10.10"]
[Round "4"]
[White "ozates"]
[Black "GlavkonVVS"]
[Result "1-0"]
[WhiteElo "2770"]
[BlackElo "2524"]
[TimeControl "180+1"]
[EndTime "14:37:49 PDT"]
[Termination "ozates won by checkmate"]

1. e4 Nf6 2. e5 Nd5 3. d4 d6 4. Nf3 Bg4 5. Be2 e6 6. exd6 cxd6 7. O-O Be7 8. c4 Nb6 9. b3 O-O 10. Nc3 d5 11. c5 Bxf3 12. Bxf3 Nc8 13. b4 Nc6 14. b5 Na5 15. Bf4 Bf6 16. Re1 Ne7 17. Rc1 Nf5 18. Ne2 g6 19. c6 bxc6 20. bxc6 Rc8 21. Qa4 Nc4 22. c7 Qe7 23. Bxd5 exd5 24.
Ng3 Qa3 25. Rxc4 Qxa4 26. Rxa4 Nxd4 27. Rxa7 Ne6 28. Bd6 Rfe8 29. Kf1 Be7 30. Be5 f6 31. Bc3 Bc5 32. Rb7 Kf7 33. Rd1 d4 34. Ba5 f5 35.
Ne2 Re7 36. Nc1 Bd6 37. Nb3 Bxc7 38. Bxc7 Rcxc7 39. Rxc7 Rxc7 40. Ke2 Rc2+ 41. Kf3 Rxa2 42. Nxd4 Ng5+ 43. Ke3 Kf6 44. Nf3 Ra3+ 45. Ke2 Ne6 46. Nd4 Nf4+ 47. Kf1 h5 48. g3 Nh3 49. Kg2 Ng5 50.
h4 Ne4 51. Nf3 Ra2 52. Rf1 Rb2 53. Ng1 f4 54. gxf4 Kf5 55. Nh3 Kg4 56. Re1 Nd6 57.
Re6 Nf5 58. Rxg6+ Kxh4 59. Rg5 Ne3+ 60. Kf3 Ng4 61. Ng1 Rxf2+ 62. Ke4 Kg3 63. Rxh5 Rxf4+ 64. Kd3 Nf2+ 65. Kd2 Ne4+ 66. Ke3 Rg4 67. Ne2+ Kg2 68. Nf4+ Kg3 69. Rh3# 1-0

[Event "Late-Titled-Tuesday-Blitz-October-10-2023"]
[Site "Chess.com"]
[Date "2023.10.10"]
[Round "4"]
[White "talaicito"]
[Black "a-z30"]
[Result "0-1"]
[WhiteElo "2227"]
[BlackElo "2477"]
[TimeControl "180+1"]
[EndTime "14:37:51 PDT"]
[Termination "a-z30 won on time"]

1. d4 Nf6 2. Nc3 d6 3. e4 g6 4.
Bf4 Bg7 5. Qd2 h6 6. h4 Nc6 7.
O-O-O Nh5 8. Be3 e5 9. dxe5 dxe5 10. Qxd8+ Nxd8 11. Nd5 Ne6 12. Be2 c6 13. Bxh5 gxh5 14. Nb4 Ke7 15. Ne2 Rg8 16. Ng3 Nf4 17. Bc5+ Ke8 18. Rhg1 Bf6 19. Bd6 Bxh4 20. Bxe5 Bxg3 21. fxg3 Ne2+ 22. Kb1 Nxg1 23. Bf6 Be6 24. Rxg1 Rxg3 25. Nd3 Rg6 26. e5 Kd7 27. Nc5+ Kc7 28. b3 Rag8 29. Nxe6+ fxe6 30. Rh1 Rxg2 31. Rxh5 R8g6 32. Kb2 a5 33. a4 Re2 34. Rh3 Rgg2 35. Rc3 h5 36.
Kc1 Rh2 37. Kd1 Reg2 38. Kc1 h4 39. Kb2 h3 40. Kb1 Rh1+ 41. Kb2 h2 42. Rd3 Rb1+ 43. Kxb1 h1=Q+ 44. Kb2 Qh7 45. Bd8+ Kc8 46. Bb6 Rg8 47. Bxa5 Qe7 48. Bb6 Qf7 49. a5 Kb8 50. b4 Rc8 51. Bc5 Qf4 52. Bd6+ Ka7 53. Bc5+ Ka6 54. Bd6 Qc4 55. Rc3 Qe4 56. Kb3 Rg8 57. Rc4 Rg3+ 58. Rc3 Rxc3+ 59. Kxc3 Qd5 60. Kb2 Kb5 61. c3 Qc4 62.
Kc2 Ka4 63. Kd2 Kb3 0-1

[Event "Late-Titled-Tuesday-Blitz-October-10-2023"]
[Site "Chess.com"]
[Date "2023.10.10"]
[Round "4"]
[White "GMKrikor"]
[Black "GoldenShare"]
[Result "1-0"]
[WhiteElo "2794"]
[BlackElo "2529"]
[TimeControl "180+1"]
[EndTime "14:37:52 PDT"]
[Termination "GMKrikor won by resignation"]

1. Nf3 d5 2. c4 dxc4 3. e3 Nf6 4.
Bxc4 e6 5. O-O a6 6. d4 b5 7. Bd3 Bb7 8. a4 b4 9. Nbd2 c5 10. a5 Be7 11. Nb3 Nbd7 12. Qe2 O-O 13. Bd2 cxd4 14.
exd4 Nd5 15. Rac1 Qb8 16. Ne5 Nxe5 17. dxe5 Qa7 18. h4 Rac8 19. h5 Rxc1 20. Rxc1 Rc8 21. Rxc8+ Bxc8 22. Qe4 g6 23. hxg6 hxg6 24. Qg4 Bf8 25. Qc4 Bb7 26. Kf1 Bg7 27. Qc5 Qa8 28. f4 g5 29. fxg5 Qb8 30. Qd6 Bxe5 31. Qxb8+ Bxb8 32. Nc5 Bc8 33. Bxa6 Bxa6+ 34. Nxa6 Be5 35. Nc5 Bxb2 36. a6 Bd4 37. a7 Nc7 38. Bxb4 Kg7 39.
Na6 Na8 40. Bc5 Bxc5 41. Nxc5 Kg6 42. Ke2 Kxg5 43. Ke3 Kg4 44. Kf2 Kf5 45. Kf3 Ke5 46.
Kg4 f5+ 47. Kg5 Nc7 48. Nd7+ Ke4 49. Nb6 f4 50. Kg4 e5 51. Nc4 Kd4 52. Nd6 e4 53. Nb5+ Kd3 54. Nxc7 e3 55. a8=Q e2 56. Qd5+ Kc2 57.
Qe4+ Kd1 58. Kxf4 e1=Q 59. Qxe1+ Kc2 60. g4 1-0

[Event "Late-Titled-Tuesday-Blitz-October-10-2023"]
[Site "Chess.com"]
[Date "2023.10.10"]
[Round "4"]
[White "filipluczak05"]
[Black "ferdipy"]
[Result "1-0"]
[WhiteElo "2606"]
[BlackElo "2359"]
[TimeControl "180+1"]
[EndTime "14:37:53 PDT"]
[Termination "filipluczak05 won by resignation"]

1. d4 e5 2. dxe5 d6 3. exd6 Bxd6 4. Nf3 Nc6 5. Bg5 f6 6. Bh4 Bg4 7. Nbd2 Qe7 8. e3 O-O-O 9. c3 h5 10. Qa4 Kb8 11. Bb5 Ne5 12. Bg3 Nxf3+ 13. Nxf3 Bxg3 14. hxg3 Nh6 15. Be2 Rd6 16. Nd4 Bxe2 17. Kxe2 a6 18. Rxh5 Qe4 19. f3 Qg6 20. Rh3 c5 21. Qc2 Qe8 22.
Nb3 Qe5 23. Rd1 Nf5 24. Rxh8+ Ka7 25. e4 Nxg3+ 26. Kf2 c4 27. Rxd6 Qxd6 28. Nd4 g6 29. Rh3 Nh5 30. Rxh5 gxh5 31. Qe2 h4 32. Nf5 Qh2 33. Qe3+ Ka8 34. Qe1 h3 35. Qg1 Qf4 36. gxh3 Qd2+ 37. Kg3 Qg5+ 38. Kh2 Qf4+ 39. Qg3 Qd2+ 40.
Qg2 Qf4+ 41. Ng3 Qh4 42. Qf2 a5 43. Kg2 Qf4 44. Ne2 Qd2 45. Ng3 Qf4 46. Nf5 Qg5+ 47. Kh2 Qf4+ 48. Kg1 Qg5+ 49. Kf1 Qc1+ 50. Qe1 Qxb2 51.
Ne3 Qxa2 52. Qe2 Qa1+ 53. Nd1 b5 54. f4 a4 55. e5 fxe5 56. fxe5 Qb1 57. e6 Qf5+ 58.
Ke1 Qf8 59. e7 Qe8 60. Qe4+ Ka7 61. Qe6 a3 62. Qd6 a2 63. Qd8 Qxe7+ 64. Qxe7+ Ka6 65.
Qa3+ Kb6 66. Qxa2 1-0

[Event "Late-Titled-Tuesday-Blitz-October-10-2023"]
[Site "Chess.com"]
[Date "2023.10.10"]
[Round "4"]
[White "GMBenjaminBok"]
[Black "Beca95"]
[Result "1/2-1/2"]
[WhiteElo "3011"]
[BlackElo "2842"]
[TimeControl "180+1"]
[EndTime "14:38:00 PDT"]
[Termination "Game drawn by repetition"]

1. d4 Nf6 2. c4 c5 3. Nf3 cxd4 4. Nxd4 e6 5. g3 a6 6. Bg2 Qc7 7. b3 Nc6 8. O-O Bc5 9. Bb2 O-O 10. e3 b6 11. Nxc6 dxc6 12. Bxf6 gxf6 13. Qg4+ Kh8 14.
Qf3 Qe5 15. Nd2 Bb7 16. Rad1 Rad8 17. Qg4 f5 18. Qh4 Qg7 19. Nf3 f6 20. Nd4 Rd6 21.
Rd3 Qg5 22. Qxg5 fxg5 23. Rfd1 Rfd8 24. Bf1 Bxd4 25. exd4 c5 26. dxc5 Rxd3 27. Rxd3 Rxd3 28.
Bxd3 bxc5 29. f4 h6 30. Kf2 Kg7 31. Ke3 Kf6 32. Bc2 e5 33. a3 a5 34. Bd3 exf4+ 35. gxf4 h5 36. Be2 h4 37. Bd3 g4 38. Kf2 Be4 39.
Bf1 Bc2 40. Ke3 Bxb3 41. Kf2 Bc2 42. Be2 Ke6 43. Bf1 Kd6 44. Be2 Kc6 45. Bf1 Kd6 46. Be2 Be4 47. Bf1 Ke6 48. Be2 Kf6 49. Bf1 Kg6 50. Be2 Bc6 51. Bf1 Bf3 52. Bd3 Kf6 53.
Bf1 Be4 54. Be2 Bc2 55. Bf1 Bd1 56. Bd3 Kg6 57. Bf1 Bc2 58. Be2 Kh5 59. Kg2 Bb3 60.
Kf2 Bc2 61. Kg2 Be4+ 62. Kf2 Bc6 63. Bf1 Bf3 64. Bd3 Kg6 65. Bf1 Be4 66. Be2 Kh6 67.
Bf1 Kg7 68. Be2 Kh7 69. Bf1 Kg6 1/2-1/2

[Event "Late-Titled-Tuesday-Blitz-October-10-2023"]
[Site "Chess.com"]
[Date "2023.10.10"]
[Round "4"]
[White "K_A_S_T_O_R"]
[Black "NateSolon"]
[Result "1-0"]
[WhiteElo "2892"]
[BlackElo "2575"]
[TimeControl "180+1"]
[EndTime "14:38:04 PDT"]
[Termination "K_A_S_T_O_R won by resignation"]

1. e4 c5 2. Nf3 Nf6 3. d3 Nc6 4. c3 g6 5. Nbd2 Bg7 6. Be2 O-O 7. O-O d6 8. Re1 Rb8 9. a4 a6 10. h3 b5 11. axb5 axb5 12. d4 Nd7 13. Nf1 b4 14. Be3 bxc3 15. bxc3 cxd4 16. cxd4 Bb7 17. Rc1 Nb4 18. Ng3 Nf6 19. d5 Nd7 20. Qd2 Ba6 21.
Bxa6 Nxa6 22. Nd4 Bxd4 23. Bxd4 Nac5 24. Qh6 f6 25. Rc3 Qa5 26. Ree3 Rb4 27. Nf5 Rf7 28. Ra3 Ra4 29. Rxa4 Qxa4 30. Rg3 Nf8 31. Bxc5 dxc5 32. Qe3 Kh8 33. Nh6 Rg7 34. Qxc5 Qxe4 35. Re3 Qb1+ 36. Kh2 Qb8+ 37. g3 Qd8 38. Qc6 Nd7 39.
Qe6 Ne5 40. f4 Nc4 41. Re2 Nd6 42. Ng4 h5 43. Ne3 Qc8 44. Qxc8+ Nxc8 45. Nc4 Kg8 46. Re6 Kf7 47. Rc6 Rg8 48. g4 hxg4 49. hxg4 Rd8 50. Rc5 Nd6 51. Nxd6+ Rxd6 52. Kg3 f5 53. g5 Ra6 54. Kf2 Ra3 55. Rc4 Rd3 56. Rc5 Ra3 57. Ke2 Rh3 58. Rc7 Ra3 59. d6 Ra4 60.
Rxe7+ Kf8 61. Ke3 Rb4 62. Re6 Kf7 63. Rf6+ Kg7 64. d7 Rb8 65. Kd4 Rd8 66. Rd6 Kf7 67.
Ke5 1-0

[Event "Late-Titled-Tuesday-Blitz-October-10-2023"]
[Site "Chess.com"]
[Date "2023.10.10"]
[Round "4"]
[White "lluiss"]
[Black "Pomberito2"]
[Result "1/2-1/2"]
[WhiteElo "2216"]
[BlackElo "2495"]
[TimeControl "180+1"]
[EndTime "14:38:04 PDT"]
[Termination "Game drawn - insufficient material"]

1. Nf3 Nf6 2. d4 g6 3. g3 Bg7 4. Bg2 O-O 5. O-O d6 6. c4 Nc6 7. Nc3 a6 8. b3 Rb8 9. d5 Na5 10. Be3 c5 11. dxc6 Nxc6 12. h3 Bd7 13. Rc1 Qa5 14.
a4 Qh5 15. g4 Bxg4 16. hxg4 Nxg4 17. Bf4 Nce5 18. Re1 Bh6 19. Bxh6 Qxh6 20. Nd5 Nxf3+ 21. exf3 Qh2+ 22. Kf1 Ne5 23. Nxe7+ Kg7 24. Qd4 f6 25. Nd5 Rbe8 26. f4 Ng4 27. Nc7 Rxe1+ 28. Rxe1 Rf7 29. Nd5 Qh4 30. Re7 Rxe7 31. Nxe7 Nh2+ 32. Kg1 Ng4 33. Nd5 Qh2+ 34. Kf1 Qh4 35. Ne3 Nh6 36.
Qe4 Nf7 37. Nd5 Qh5 38. Qe7 Qd1+ 39. Qe1 Qxb3 40. Qa1 Qxc4+ 41. Kg1 Qc2 42. Qxf6+ Kg8 43. Qd4 Qc1+ 44. Kh2 Qc5 45. Nf6+ Kg7 46. Ne8+ Kf8 47. Qxc5 dxc5 48. Bxb7 Kxe8 49. Bxa6 Kd7 50. Bc4 Nd6 51. Bd5 Kc7 52. Kg3 Kb6 53. Kh4 c4 54. Bxc4 Nxc4 55. Kg5 Nd6 56. Kh6 Ne4 57. Kxh7 Nxf2 58.
Kxg6 Nd3 59. f5 Ne5+ 60. Kf6 Ng4+ 61. Ke6 Ka5 62. Ke7 Kxa4 63. f6 Nxf6 1/2-1/2

[Event "Late-Titled-Tuesday-Blitz-October-10-2023"]
[Site "Chess.com"]
[Date "2023.10.10"]
[Round "4"]
[White "THE_PLAYER6"]
[Black "YQPerez"]
[Result "1-0"]
[WhiteElo "2611"]
[BlackElo "2871"]
[TimeControl "180+1"]
[EndTime "14:38:11 PDT"]
[Termination "THE_PLAYER6 won by resignation"]

1. d4 Nf6 2. c4 e6 3. g3 d5 4. Bg2 Be7 5. Nf3 O-O 6. O-O c6 7.
Qc2 b6 8. b3 a5 9. Bb2 a4 10.
Nbd2 a3 11. Bc3 Ba6 12. e4 Nbd7 13. e5 Ne8 14. Rfe1 Nc7 15. h4 h6 16. Rac1 Rb8 17. Nh2 b5 18. c5 b4 19. Ba1 f5 20. exf6 Bxf6 21. Bh3 Re8 22. f4 Kh8 23. Ndf3 Nf8 24. Ng4 Nb5 25. Qd2 Nc7 26. h5 Re7 27. Qc2 Qe8 28. Nxf6 gxf6 29. g4 Rg7 30. Kh2 Qf7 31. Nh4 f5 32. g5 Qxh5 33. gxh6 Qxh6 34. Qf2 Ng6 35. Nxg6+ Rxg6 36. Rg1 Rg4 37. Rg3 Rbg8 38. Rcg1 Ne8 39. Qe1 Qxf4 40. Bxg4 Rxg4 41. Qe5+ Nf6 42. Qxf4 Rxf4 43. Rh3+ Nh7 44. Rg6 Rf2+ 45. Kg3 Rxa2 46. Rgh6 Rxa1 47. Rxh7+ Kg8 48. Ra7 Bd3 49. Kf2 Be4 50.
Rhh7 Ra2+ 51. Ke3 f4+ 52. Kxf4 Rf2+ 53. Ke5 a2 54. Rhg7+ Kf8 55. Rgc7 Kg8 56. Rc8+ Rf8 57.
Rxf8+ Kxf8 58. Rxa2 Bf5 59. Ra7 Ke8 60. Kd6 Bc2 61.
Kxc6 Bxb3 62. Kd6 Ba4 63. Rb7 b3 64. Rb4 b2 65. Rxb2 Kf7 66. Rb7+ Kf6 67. c6 e5 68. c7 e4 69. c8=Q e3 70. Qf8+ Kg5 71. Rg7+ 1-0

[Event "Late-Titled-Tuesday-Blitz-October-10-2023"]
[Site "Chess.com"]
[Date "2023.10.10"]
[Round "4"]
[White "marcodobrikov"]
[Black "MathiasWomacka"]
[Result "1/2-1/2"]
[WhiteElo "2758"]
[BlackElo "2527"]
[TimeControl "180+1"]
[EndTime "14:38:11 PDT"]
[Termination "Game drawn - insufficient material"]

1. Nc3 c5 2. e4 Nc6 3. Nf3 e5 4. Bc4 Be7 5. Nd5 d6 6. O-O Nf6 7. d3 Nxd5 8. Bxd5 Be6 9. Bxe6 fxe6 10. c3 O-O 11. Be3 d5 12. Qb3 Qd7 13. Rad1 Rab8 14. Rfe1 b5 15. d4 exd4 16. cxd4 c4 17. Qc2 Nb4 18.
Qb1 Nd3 19. Ne5 Nxe5 20. dxe5 Qc6 21. exd5 exd5 22. e6 Rb7 23. Bd4 Bc5 24. Qc1 Bxd4 25. Rxd4 Re7 26. Re5 Rxe6 27. Rdxd5 Rxe5 28. Rxe5 Rxf2 29. Qg5 Rf8 30. Rxb5 a6 31. Qd5+ Qxd5 32. Rxd5 Rb8 33.
Rd2 Kf7 34. Kf2 Ke6 35. Ke3 Rc8 36. Ke4 c3 37. bxc3 Rxc3 38. Rb2 Rc4+ 39. Kd3 Ra4 40. Ke3 h6 41. h3 Kf6 42. Kf3 Ra3+ 43. Ke4 h5 44.
Kd5 Kg5 45. Kc5 Kf4 46. Kb4 Re3 47. a4 Kg3 48. a5 Re6 49. Kc4 h4 50. Rb6 Re4+ 51.
Kd3 Ra4 52. Rg6+ Kh2 53. Rg5 Ra2 54. Rxg7 Rxg2 55. Rh7 Kxh3 56. Rh6 Rg5 57. Rxa6 Kg3 58. Kc4 h3 59. Kb4 h2 60. Rh6 Rg4+ 61. Kb5 Rh4 62. Rg6+ Kf2 63. Rf6+ Kg3 64. Rf1 Kg2 65. Ra1 h1=Q 66. Rxh1 Rxh1 67. a6 Ra1 68. Kb6 Rxa6+ 69. Kxa6 1/2-1/2

[Event "Late-Titled-Tuesday-Blitz-October-10-2023"]
[Site "Chess.com"]
[Date "2023.10.10"]
[Round "4"]
[White "Cayse"]
[Black "ChristopherYoo"]
[Result "1/2-1/2"]
[WhiteElo "2862"]
[BlackElo "3025"]
[TimeControl "180+1"]
[EndTime "14:38:13 PDT"]
[Termination "Game drawn by repetition"]

1. e4 c5 2. Nf3 Nc6 3. d4 cxd4 4. Nxd4 Nf6 5. Nc3 e5 6. Ndb5 d6 7. Bd3 a6 8. Na3 h6 9. O-O b5 10. Nd5 Nxd5 11. exd5 Ne7 12. c4 g6 13. cxb5 Bg7 14. bxa6 O-O 15. Re1 Bxa6 16. Bxa6 Rxa6 17. Nb5 Qb6 18.
a4 Qb7 19. b3 Qxd5 20. Ba3 Qxd1 21. Raxd1 Nf5 22. Nxd6 Nd4 23. Nb5 Rc8 24. Nxd4 exd4 25. Bb2 Rb6 26. Bxd4 Bxd4 27. Rxd4 Rxb3 28. h4 Rb2 29.
Rf4 Kf8 30. Re5 Ra2 31. Ra5 Rc7 32. Ra6 Kg7 33. Kh2 Rb7 34. Kh3 Rb3+ 35. g3 Rb7 36. Kg2 Rd7 37. Rb6 Ra7 38. Rbb4 Re7 39. Rbc4 Rb7 40.
Rcd4 Ra7 41. Rfe4 Rb7 42. Kf1 Ra7 43. Rc4 Ra6 44. Rf4 g5 45. hxg5 hxg5 46. Rg4 Kg6 47.
Rge4 Ra1+ 48. Kg2 Ra3 49. Red4 Ra2 50. Kf1 Rf6 51. f4 Rb6 52. Rd1 Rbb2 53. fxg5 Kxg5 54.
Rf4 f5 55. Kg1 Rg2+ 56. Kf1 Rxg3 57. Rf2 Rxa4 58. Rg2 Rxg2 59. Kxg2 Ra2+ 60. Kf3 Ra3+ 61. Kf2 Kg4 62. Rd4+ f4 63. Rd2 Rh3 64. Kg2 f3+ 65.
Kg1 Rg3+ 66. Kf1 Rh3 67. Rd8 Rh1+ 68. Kf2 Rh2+ 69. Kf1 Ra2 70. Rg8+ Kf4 71. Rf8+ Ke3 72. Re8+ Kf4 73. Rf8+ Ke3 74. Re8+ Kf4 75. Rf8+ 1/2-1/2